Map: Vestígio Bel'Shir LE (Void)

Players

VENOM - Winner!

  • Race: Zerg Zerg
  • League: Gold
  • Spawn Location: 11:00

efelinto

  • Race: Protoss Protoss
  • League: Diamond
  • Spawn Location: 5:00

VOD

Have the link to the VOD?

Description

Time

  • Played on: April 23, 2017, 3:48 a.m.
  • Length: 16:07
Show
View Real Time Build Order
Export as new Build Order

VENOM Zerg - Winner!

Build Orders: Hatch First, Lurkers 

Get SALT Encoding   

  12  0:18  Overlord  
  12  0:20  Drone x2  
  14  0:38  Drone  
  15  0:51  Hatchery  
  15  0:54  Drone  
  15  0:55  Drone  
  16  1:13  Spawning Pool, Drone  
  16  1:19  Drone  
  17  1:29  Drone  
  18  1:35  Extractor  
  18  1:36  Drone  
  18  1:46  Drone  
  19  1:57  Drone  
  20  2:02  Queen  
  20  2:04  Overlord  
  22  2:11  Zergling x2  
  23  2:15  Overlord  
  23  2:41  Drone x5  
  28  2:53  Metabolic Boost  
  28  2:55  Evolution Chamber  
  27  3:02  Extractor  
  27  3:03  Zergling x6  
  27  3:04  Queen  
  31  3:08  Queen  
  31  3:11  Drone x2  
  35  3:15  Drone  
  36  3:28  Zergling x4  
  38  3:40  Pneumatized Carapace  
  38  3:52  Zergling x6  
  38  3:53  Zergling x2  
  42  4:07  Zergling x4  
  44  4:18  Zerg Melee Weapons Level 1  
  44  4:22  Overlord x2, Hatchery  
  43  4:47  Drone x4  
  43  4:48  Zergling x4  
  49  4:55  Roach Warren  
  45  5:31  Queen  
  47  5:36  Spore Crawler  
  47  5:41  Lair  
  46  6:07  Drone x6, Queen  
  54  6:12  Drone x3  
  50  6:38  Zergling x4  
  50  6:39  Zergling x8  
  49  6:58  Roach x4  
  57  7:22  Overlord x4  
  57  7:40  Overlord x3  
  57  7:43  Roach x2  
  61  7:47  Lair  
  61  7:50  Drone  
  61  7:51  Drone x2, Roach  
  64  7:56  Roach x3  
  72  8:14  Zergling x6  
  72  8:15  Roach x2  
  72  8:18  Overseer  
  79  8:27  Spore Crawler  
  79  8:28  Roach x3  
  79  8:29  Roach  
  86  8:38  Roach x4  
  86  8:41  Drone x2  
  96  9:06  Roach x5  
  106  9:14  Hydralisk Den  
  77  9:34  Zergling x4  
  77  9:35  Roach x3, Zergling x2  
  77  9:36  Zergling x12  
  88  9:45  Lurker Den  
  88  9:46  Drone  
  88  9:47  Drone x2, Overlord x2  
  91  9:55  Overlord  
  91  10:07  Zerg Missile Weapons Level 1, Baneling Nest  
  91  10:11  Zergling x10  
  91  10:12  Zergling x4  
  97  10:22  Zergling x4  
  97  10:25  Zergling x6  
  102  10:34  Hydralisk  
  102  10:35  Hydralisk x2  
  108  10:43  Overseer  
  108  10:44  Hydralisk  
  108  10:45  Hydralisk  
  108  10:48  Overlord x2  
  108  10:49  Overlord x2  
  112  10:58  Extractor x2  
  108  11:39  Lurker x2  
  112  11:40  Lurker x3  
  112  11:41  Hydralisk x5  
  112  11:42  Hydralisk  
  125  11:51  Queen x3  
  125  11:52  Drone  
  128  12:47  Roach  
  128  12:48  Roach x2, Zergling x6  
  137  12:54  Overlord x3  
  137  13:09  Overlord  
  137  13:16  Infestation Pit  
  136  13:24  Hydralisk  
  136  13:25  Hydralisk x7  
  152  13:36  Hydralisk  
  84  14:08  Hydralisk x3  
  85  14:10  Zergling x2, Roach  
  87  14:17  Overlord x3  
  83  14:27  Hydralisk  
  83  14:28  Hydralisk  
  82  15:12  Hydralisk x2  
  86  15:14  Zergling x2  
  86  15:15  Roach  
  75  15:29  Hydralisk  
  75  15:31  Zergling x8  
  75  15:32  Zergling x4  
  83  15:40  Zergling x4  
  83  15:41  Drone  
  74  16:03  Lurker  
Show
View Real Time Build Order
Export as new Build Order

efelinto Protoss 

Build Orders:  

Get SALT Encoding   

  12  0:01  Probe (Chrono Boost)  
  13  0:11  Probe (Chrono Boost)  
  14  0:18  Pylon  
  14  0:22  Probe (Chrono Boost)  
  15  0:37  Probe (Chrono Boost)  
  15  0:38  Gateway  
  16  0:47  Probe (Chrono Boost)  
  17  0:56  Assimilator  
  17  0:59  Assimilator, Probe (Chrono Boost)  
  18  1:09  Probe (Chrono Boost)  
  19  1:20  Probe (Chrono Boost)  
  20  1:25  Cybernetics Core  
  20  1:30  Probe (Chrono Boost)  
  21  1:41  Probe (Chrono Boost)  
  22  1:52  Probe (Chrono Boost)  
  23  1:59  Warp Gate  
  23  2:10  Pylon  
  23  2:24  Pylon, Stalker  
  23  2:29  Probe (Chrono Boost)  
  26  2:41  Nexus  
  26  2:42  Probe (Chrono Boost)  
  27  2:50  Stalker  
  30  3:07  Probe (Chrono Boost)  
  30  3:09  Stargate  
  30  3:15  Gateway  
  30  3:16  Gateway  
  30  3:18  Gateway  
  32  3:27  Mothership Core (Chrono Boost)  
  31  4:03  Oracle  
  34  4:13  Probe x2 (Chrono Boost)  
  36  4:22  Zealot x2  
  36  4:23  Probe x2 (Chrono Boost), Sentry x2  
  46  4:34  Probe x2 (Chrono Boost)  
  46  4:35  Pylon  
  48  4:38  Assimilator  
  48  4:39  Oracle  
  48  4:41  Assimilator  
  48  4:44  Probe (Chrono Boost)  
  52  4:47  Probe (Chrono Boost)  
  52  4:51  Pylon  
  53  4:52  Pylon  
  53  4:57  Forge  
  53  5:08  Probe x2 (Chrono Boost)  
  55  5:18  Probe x2 (Chrono Boost)  
  57  5:29  Probe x2 (Chrono Boost)  
  59  5:39  Probe x2 (Chrono Boost)  
  59  5:41  Pylon  
  61  5:48  Zealot x4  
  70  5:50  Probe x2 (Chrono Boost)  
  70  5:54  Pylon  
  71  6:00  Probe (Chrono Boost)  
  71  6:01  Probe (Chrono Boost)  
  73  6:08  Pylon  
  73  6:11  Probe x2 (Chrono Boost)  
  75  6:22  Zealot x4  
  75  6:51  Stalker  
  75  6:52  Stalker x3  
  78  6:58  Pylon  
  78  7:13  Pylon  
  78  7:17  Zealot x3  
  78  7:18  Zealot  
  86  7:23  Oracle  
  86  7:29  Pylon  
  89  7:35  Probe x2 (Chrono Boost)  
  91  7:46  Probe x2 (Chrono Boost)  
  91  7:49  Nexus  
  93  7:56  Probe (Chrono Boost), Phoenix  
  93  7:58  Probe (Chrono Boost)  
  97  8:07  Zealot x4  
  105  8:18  Phoenix  
  107  8:29  Robotics Facility  
  107  8:32  Robotics Facility  
  107  8:39  Phoenix  
  107  8:40  Gateway  
  107  8:41  Gateway  
  107  8:42  Protoss Ground Armor Level 1  
  107  8:43  Gateway  
  107  8:45  Gateway  
  102  9:22  Stalker x4  
  98  9:47  Immortal  
  98  9:48  Immortal  
  106  10:04  Probe (Chrono Boost)  
  106  10:05  Probe x2 (Chrono Boost)  
  110  10:14  Probe (Chrono Boost)  
  110  10:17  Probe x2 (Chrono Boost)  
  112  10:26  Adept x2  
  116  10:40  Pylon  
  116  10:43  Pylon  
  116  10:44  Pylon  
  116  10:45  Pylon  
  116  10:46  Probe (Chrono Boost)  
  116  10:47  Pylon  
  116  10:48  Assimilator  
  117  10:51  Assimilator  
  117  10:53  Immortal x2  
  117  11:02  Probe (Chrono Boost)  
  117  11:03  Probe x2 (Chrono Boost)  
  126  11:20  Stalker x2  
  126  11:21  Stalker x3  
  126  11:22  Stalker  
  126  11:24  Zealot x2  
  142  11:27  Immortal  
  142  11:32  Forge  
  146  11:34  Forge  
  146  11:38  Pylon, Protoss Ground Weapons Level 1  
  146  11:57  Twilight Council  
  146  12:04  Probe (Chrono Boost)  
  146  12:05  Probe x2 (Chrono Boost), Zealot x4  
  146  12:06  Zealot x4  
  165  12:40  Probe (Chrono Boost)  
  164  12:53  Pylon  
  164  12:55  Pylon  
  164  12:56  Pylon  
  164  12:58  Pylon  
  163  13:08  Immortal x2  
  171  13:22  Stalker x3  
  171  13:24  Zealot x3  
  171  13:25  Zealot x2  
  187  13:42  Immortal x2  
  141  13:57  Zealot  
  141  13:58  Zealot x2  
  141  13:59  Zealot x3  
  141  14:00  Zealot x2  
  88  14:16  Immortal  
  78  14:25  Stalker x4  
  78  14:26  Stalker x2  
  78  14:27  Stalker  
  78  14:28  Stalker  
  92  14:39  Robotics Bay  
  82  14:53  Observer  
  83  15:01  Stalker  
  83  15:02  Stalker x3  
  83  15:03  Stalker  
  76  15:27  Zealot  
  76  15:28  Zealot x6  
  62  15:29  Zealot  
  56  15:50  Zealot  
  56  15:51  Zealot x6  
  56  15:52  Zealot  
Tags
 
Add a new tag
Caveats
  • Supply blocks, unpowered buildings, or Contaminate may cause inaccurate times.
  • Supply counts are checked every 10 seconds.